 Dungeon Crawl Stone Soup version 0.27-a0-732-ga892ba84f6 (webtiles) character file.

Game seed: 8617523434513188250

23 robertstho the Sneak (level 3, -5/24 HPs)
             Began as an Octopode Brigand on Mar 23, 2021.
             Slain by Sigmund
             ... wielding a +0 scythe
              (9 damage)
             ... on level 2 of the Dungeon.
             The game lasted 00:01:30 (1140 turns).

robertstho the Sneak (Octopode Brigand)             Turns: 1140, Time: 00:01:30

Health: -5/24      AC:  1    Str: 11    XL:     3   Next: 0%
Magic:  3/3        EV:  7    Int: 13    God:
Gold:   36         SH: 10    Dex: 13    Spells: 2/2 levels left

rFire    . . .     SeeInvis .   a - +2 dagger
rCold    . . .     Faith    .   e - +0 tower shield
rNeg     . . .     Spirit   .   (helmet restricted)
rPois    .         Reflect  .   (no amulet)
rElec    .         Harm     .   (no ring)
rCorr    .         Rampage  .   (no ring)
Will     .....                  (no ring)
Stlth    ++++......             (no ring)
HPRegen  0.08/turn              (no ring)
MPRegen  0.08/turn              (no ring)
                                (no ring)
                                (no ring)

@: no status effects
A: almost no armour, amphibious, 8 rings, camouflage 1, gelatinous body 1,
nimble swimmer 1, tentacles
a: no special abilities


You were on level 2 of the Dungeon.
You visited 1 branch of the dungeon, and saw 2 of its levels.

You collected 36 gold pieces.

Inventory:

Hand Weapons
 a - a +2 dagger (weapon)
Missiles
 b - 5 poisoned darts (quivered)
 c - 2 curare-tipped darts
Armour
 e - a +0 tower shield (worn)
Scrolls
 d - a scroll of fog {unknown}


   Skills:
 * Level 2.0 Fighting
 + Level 2.1 Short Blades
 + Level 2.0 Throwing
 + Level 1.0 Dodging
 * Level 6.5 Stealth


You had 2 spell levels left.
You didn't know any spells.
Your spell library was empty.

Dungeon Overview and Level Annotations

Branches:
Dungeon (2/15)

Altars:

Annotations:
D:2 Sigmund


Innate Abilities, Weirdness & Mutations

You cannot wear most types of armour.
You are amphibious.
You can wear up to eight rings at the same time.
Your skin changes colour to match your surroundings (Stealth+).
Your rubbery body absorbs attacks. (AC +1, EV +1)
You are stealthy while swimming. (Stealth+)
You have tentacles for arms and can constrict up to eight enemies at once.


Message History

You climb downwards. 2 bats, a ball python and Sigmund come into view.
Found a leather armour and a scroll labelled LULON ZOMYID.
There is a stone staircase leading up here.
Found 13 gold pieces.
You block the ball python's attack. The ball python closely misses you.
You hit the ball python.
You kill the ball python!
You have reached level 3!
Your experience leads to an increase in your attributes!
Increase (S)trength, (I)ntelligence, or (D)exterity?
You feel stronger.
Throw: 8 darts (poison)
Press: ? - help, Q - select action, (/) - cycle Shift-Dir - straight line, f - Sigmund
Aim: Sigmund, wielding a +0 scythe and wearing a +0 robe (55% to hit)
You throw a poisoned dart. The poisoned dart hits Sigmund.
Sigmund is poisoned.
Sigmund screams, "Die, monster!"
Unknown command.
The bat hits you.
Sigmund points at you and mumbles some strange words.
The magic dart hits you! The bat hits you.
There is a stone staircase leading up here.
You block the bat's attack.
Sigmund looks more healthy.
The bat hits you but does no damage. You block the bat's attack.
Sigmund gestures at himself while chanting.
Sigmund flickers and vanishes!
Deactivating autopickup; reactivate with Ctrl-A.
Throw: 7 darts (poison)
Press: ? - help, Q - select action, (/) - cycle Shift-Dir - straight line You throw a poisoned dart.
Throw: 6 darts (poison)
Press: ? - help, Q - select action, (/) - cycle Shift-Dir - straight line You throw a poisoned dart.
Something hits you! Something hits you.
* * * LOW HITPOINT WARNING * * *
There is a stone staircase leading up here.
Something hits you!
You die...

### .. ...
#+#.#.#....
######.#.#.....#
#(.......#....$
#.##.....#.b...
#.##........####
#.##..@[.?..b..#
#.##....#...#...
#.##............
#.###...†...#...
#...........#
######..(..##
#......#
#....≈..#
##.≈≈≈P.#


You could see 2 bats.

Vanquished Creatures
  A giant cockroach (D:1)
  3 hobgoblins (D:1)
  2 jackals (D:1)
  3 kobolds (D:1)
  2 oozes (D:1)
  A quokka (D:1)
  2 ball pythons
  A bat (D:1)
  2 frilled lizards (D:1)
  6 rats (D:1)
23 creatures vanquished.

Notes
Turn   | Place    | Note
-------+----------+-------------------------------------------
     0 | D:1      | robertstho the Octopode Brigand began the quest for the
                  | Orb.
     0 | D:1      | Reached XP level 1. HP: 14/14 MP: 1/1
   220 | D:1      | Reached XP level 2. HP: 19/19 MP: 2/2
   224 | D:1      | Reached skill level 6 in Stealth
  1113 | D:2      | Noticed Sigmund
  1117 | D:2      | Reached XP level 3. HP: 24/24 MP: 3/3
  1140 | D:2      | Slain by Sigmund

Illustrated notes

Levels and vault maps discovered:
D:1:      denvon_arrival_hothouse, layout_loops_corners, corexii_corridor_pit,
          minmay_misc_feat_room, st_stairs_7
D:2:      layout_basic, nicolae_overflow_hidden_temple,
          gammafunk_temple_overflow_forgotten, serial_bayou,
          serial_bayou_pond_d, serial_bayou_shore_a, serial_bayou_ford_a,
          serial_bayou_pond_a, uniq_robin, uniq_natasha, uniq_sigmund

Skill      XL: |  1  2 |
---------------+-------+-----
Stealth        | 6 |  6.5
Fighting       | |  2.0
Short Blades   | |  2.1
Throwing       | |  2.0
Dodging        | |  1.0

Action                   || total
-------------------------++-------
Melee: Dagger            ||    39
       Constrict         ||     6
       Tentacles         ||     5
Throw: Dart              ||     4
  Use: Scroll            ||     1
 Stab: Sleeping          ||     6
Armor: Skin              ||     3
Dodge: Dodged            ||    17
Block: Tower shield      ||    11

Table legend: (Time is in decaauts)
 A = Elapsed time spent in this place.
 B = Non-inter-level travel time spent in this place.
 C = Inter-level travel time spent in this place.
 D = Time resting spent in this place.
 E = Time spent auto-exploring this place.
 F = Levels seen in this place.
 G = Mean time per level.
                   A        B        C        D        E       F      G
               +--------+--------+--------+--------+--------+-----+--------+
         Total |   1149 |   1127 |     22 |      0 |    971 |   2 |  574.5 |
       Dungeon |   1149 |   1127 |     22 |      0 |    971 |   2 |  574.5 |
               +--------+--------+--------+--------+--------+-----+--------+

Top non-repeatable levels by time:
     D:1: 1121 daAuts
     D:2: 28 daAuts
